 Dungeon Crawl Stone Soup version 0.24.0-13-gcf9b319 (webtiles) character file.

Game seed: 9391209712641162864, levelgen mode: deterministic

713 warborn304 the Basher (level 7, -5/91 HPs)
             Began as a Minotaur Berserker on Jan 4, 2020.
             Was a Priest of Trog.
             Slain by an orc warrior
             ... wielding a +0 short sword
              (12 damage)
             ... on level 6 of the Dungeon.
             The game lasted 00:06:02 (3534 turns).

warborn304 the Basher (Minotaur Berserker)          Turns: 3534, Time: 00:06:03

Health: -5/91      AC: 10    Str: 27    XL:     7   Next: 41%
Magic:  15/15      EV: 11    Int:  4    God:    Trog [***...]
Gold:   208        SH:  0    Dex: 11    Spells: 6/6 levels left

rFire    . . .     SeeInvis .   t - +0 flail
rCold    . . .     Gourm    .   (no shield)
rNeg     . . .     Faith    .   s - +0 scale mail
rPois    .         Spirit   .   (helmet restricted)
rElec    .         Reflect  .   e - +2 cloak
rCorr    .         Harm     .   (no gloves)
MR       .....                  (no boots)
Stlth    ..........             (no amulet)
HPRegen  0.25/turn              j - ring of magical power
MPRegen  0.14/turn              (no ring)

@: berserking (expiring), starving, very quick
A: retaliatory headbutt, horns 2
a: Berserk, Trog's Hand, Renounce Religion


You were on level 6 of the Dungeon.
You worshipped Trog.
Trog was most pleased with you.
You were starving.

You visited 1 branch of the dungeon, and saw 6 of its levels.

You collected 208 gold pieces.

Inventory:

Hand Weapons
 a - a +0 mace
 t - a +0 flail (weapon)
Armour
 e - a +2 cloak (worn)
 s - a +0 scale mail (worn)
Jewellery
 i - an uncursed ring of flight
 j - a ring of magical power (left hand)
 k - an uncursed ring of protection from fire
Wands
 v - a wand of flame (23)
Scrolls
 h - 3 scrolls of remove curse {unknown}
 m - 2 scrolls of enchant weapon {unknown}
 n - 6 scrolls of teleportation {unknown}
 o - 10 scrolls of identify
Potions
 b - a potion of berserk rage {unknown}
 d - a potion of magic
 f - a potion of agility
 g - a potion of cancellation {unknown}
 l - a potion of curing {unknown}
 p - a potion of resistance {unknown}
 q - 3 potions of heal wounds {unknown}
 r - 2 potions of mutation {unknown}
 u - a potion of haste
 w - 2 potions of flight {unknown}
Comestibles
 c - 12 rations


   Skills:
 * Level 5.4 Fighting
 * Level 8.3 Maces & Flails
 + Level 4.5 Armour
 + Level 3.4 Dodging


You had 6 spell levels left.
You didn't know any spells.
Your spell library was empty.

Dungeon Overview and Level Annotations

Branches:
Dungeon (6/15)
 Temple: D:4-7

Altars:
Ashenzari
Gozag
Makhleb
Qazlal
Sif Muna


Innate Abilities, Weirdness & Mutations

You reflexively headbutt those who attack you in melee.
You have a pair of horns on your head.


Message History

You feel the power of Trog in you as your rage grows.
You kill the orc!
Trog accepts your kill.
The orc warrior hits you with a +0 short sword.
* * * LOW HITPOINT WARNING * * *
You closely miss the orc warrior.
The orc warrior is heavily wounded.
You barely miss the orc warrior.
The orc warrior is heavily wounded.
The orc warrior misses you.
You barely miss the orc warrior.
The orc warrior is heavily wounded.
The orc warrior hits you with a +0 short sword!
* * * LOW HITPOINT WARNING * * *
You barely miss the orc warrior.
The orc warrior is heavily wounded.
You closely miss the orc warrior. Your headbutt misses the orc warrior.
The orc warrior is heavily wounded.
The orc warrior hits you with a +0 short sword!
You die...

##.....#.....###..
##.............#...
#...<............#
#................#
#................#
#................#
#................###.#
#.............)......#
##.........†..)@)....#
##............o)....#
######.##............
#.##............
#.##......$..... #.
#............
#............
....######...


You could see an orc warrior.

Vanquished Creatures
  2 ice beasts
  An ogre (D:6)
  An orc priest (D:6)
  5 orc wizards
  An iguana (D:4)
  Jessica (D:3)
  3 worker ants
  A hound skeleton (D:5)
  Robin (D:3)
  5 adders
  An ooze (D:3)
  3 worms (D:2)
  3 leopard geckos
  9 orcs
  6 bats
  2 giant cockroaches
  9 goblins
  10 hobgoblins
  2 jackals (D:1)
  A quokka (D:5)
  A ball python (D:1)
  3 frilled lizards
  5 kobolds
  A leopard gecko skeleton (D:4)
  8 rats
85 creatures vanquished.

Vanquished Creatures (others)
  A goblin (D:3)
1 creature vanquished.

Grand Total: 86 creatures vanquished

Notes
Turn   | Place    | Note
-------+----------+-------------------------------------------
     0 | D:1      | warborn304 the Minotaur Berserker began the quest for the
                  | Orb.
     0 | D:1      | Reached XP level 1. HP: 19/19 MP: 0/0
   311 | D:1      | Reached skill level 4 in Maces & Flails
   311 | D:1      | Reached XP level 2. HP: 27/27 MP: 1/1
   926 | D:2      | Reached XP level 3. HP: 28/34 MP: 2/2
  1161 | D:2      | Found a burning altar of Makhleb.
  1192 | D:2      | Reached ** piety under Trog
  1198 | D:2      | Found a stormy altar of Qazlal.
  1479 | D:3      | Found an opulent altar of Gozag.
  1735 | D:3      | Reached skill level 5 in Maces & Flails
  1736 | D:3      | Noticed Robin
  1744 | D:3      | Reached XP level 4. HP: 39/41 MP: 3/3
  1751 | D:3      | Killed Robin
  1832 | D:3      | Noticed Jessica
  1844 | D:3      | Killed Jessica
  1844 | D:3      | Reached skill level 6 in Maces & Flails
  2009 | D:4      | Reached XP level 5. HP: 43/47 MP: 4/4
  2109 | D:4      | Found a shattered altar of Ashenzari.
  2772 | D:5      | Entered Level 5 of the Dungeon
  2804 | D:5      | Found an opulent altar of Gozag.
  2836 | D:5      | Noticed an ice beast
  2842 | D:5      | Killed an ice beast
  2842 | D:5      | Reached skill level 7 in Maces & Flails
  2842 | D:5      | Reached XP level 6. HP: 55/55 MP: 5/5
  2878 | D:5      | Found a shimmering blue altar of Sif Muna.
  2887 | D:5      | Reached *** piety under Trog
  3062 | D:5      | Reached skill level 5 in Fighting
  3506 | D:6      | Noticed an ice beast
  3509 | D:6      | Reached XP level 7. HP: 44/61 MP: 6/6
  3520 | D:6      | Reached skill level 8 in Maces & Flails
  3534 | D:6      | Slain by an orc warrior

Levels and vault maps discovered:
D:1:      dpeg_arrival_rooms_b, layout_basic
D:2:      layout_rooms, lemuel_doored_altar, overflow_temple_1_default
D:3:      layout_loops_cross, lemuel_crystal_altar, uniq_robin, uniq_jessica
D:4:      layout_gridville, lemuel_crystal_altar, first_ration
D:5:      layout_loops_ring, lemuel_round_altar, basic_altar
D:6:      layout_rooms, temple_pool_b, serial_shops, nicolae_shop_statue_plus,
          shop, kennysheep_little_box, shop, uniq_prince_ribbit1

Skill      XL: |  1  2  3  4  5  6  7 |
---------------+----------------------+-----
Fighting       | 4 5 |  5.4
Maces & Flails | 4 5 6 7 8 |  8.3
Armour         | 3 4 |  4.5
Dodging        | 3 |  3.4

Action                   |  1- 3 |  4- 6 |  7- 9 || total
-------------------------+-------+-------+-------++-------
Melee: Mace              |    72 |    63 |       ||   135
       Headbutt          |    17 |    15 |     2 ||    34
       Flail             |       |    42 |    21 ||    63
Invok: Berserk           |       |       |     1 ||     1
  Use: Potion            |     5 |       |       ||     5
       Scroll            |     4 |       |       ||     4
  Eat: Chunk             |     2 |     5 |       ||     7
Armor: Animal skin       |     7 |       |       ||     7
       Ring mail         |     6 |    24 |       ||    30
       Leather armour    |     4 |       |       ||     4
       Scale mail        |       |    29 |    12 ||    41
Dodge: Dodged            |    47 |    63 |    12 ||   122
